AoeStats
← HOUNGOUNGAGNE

Arabia

509701236Analyzed
1v1 RM · 4d ago on Sep 27, 2026· 59m 59s· 2 players
Game mode
Random Map
Map size
Tiny (2 player)
Population
200
Speed
Normal
Resources
Standard
Victory
Conquest
Starting age
Dark Age
Ending age
Imperial Age
RankedLock teamsTeams togetherTeam positionsShared explorationLock speedFull tech treeHidden civsTurbo modeCheats
Victory
Defeat
🇬🇧 Varangians · United Kingdom
1255
+15
🇦🇷 Franks · Argentina
1234
-15
HOUNGOUNGAGNE
6:56 Loom
9:31 Feudal Age
21:25 Castle Age
20:09 Fletching
20:13 Gold Mining
22:09 Bodkin Arrow
25:31 Double-Bit Axe
31:15 Ballistics
35:32 Light Cavalry
41:23 Stone Mining
42:08 Gold Shaft Mining
43:15 Scale Barding Armor
43:20 Forging
45:17 Gold Shaft Mining
48:47 Imperial Age
48:24 Husbandry
49:10 Cranequins
51:18 Chemistry
52:07 Heavy Mounted Crossbowman
58:12 Bow Saw
dDubs
6:57 Loom
9:34 Feudal Age
10:05 Double-Bit Axe
12:24 Horse Collar
21:44 Castle Age
19:48 Scale Mail Armor
20:57 Bloodlines
20:59 Gold Mining
21:30 Scale Barding Armor
22:09 Forging
23:12 Bow Saw
22:42 Pikeman
26:27 Chain Barding Armor
27:31 Forging
29:14 Stone Mining
32:45 Masonry
36:01 Wheelbarrow
35:11 Town Watch
35:34 Husbandry
35:56 Guard Tower
43:04 Imperial Age
40:24 Town Watch
43:08 Cavalier
43:49 Cavalier
45:50 Iron Casting
46:44 Fletching
50:42 Plate Barding Armor
50:53 Wheelbarrow
49:49 Light Cavalry
53:22 Blast Furnace
55:26 Conscription
55:29 Heavy Plow
56:26 Bodkin Arrow
56:12 Vendel Legacy
58:20 Stone Shaft Mining
59:54 Siege Engineers
Connection lost

Rejoining the realm…

Still unreachable

The connection could not be restored.

Session expired

The server has moved on; the page needs a fresh start.